 Dungeon Crawl Stone Soup version 0.26-a0-665-gefeb406119 (webtiles) character file.

Game seed: 10560892762292101696

35 Ijustatesigmund the Sneak (level 3, -1/18 HPs)
             Began as a Spriggan Wanderer on Oct 14, 2020.
             Slain by a gnoll
             ... wielding a +0 spear
              (12 damage)
             ... on level 2 of the Dungeon.
             The game lasted 00:03:16 (1721 turns).

Ijustatesigmund the Sneak (Spriggan Wanderer)       Turns: 1721, Time: 00:03:16

Health: -1/18      AC:  4    Str:  9    XL:     3   Next: 16%
Magic:  6/6        EV: 18    Int: 12    God:
Gold:   74         SH:  0    Dex: 16    Spells: 3/4 levels left

rFire    . . .     SeeInvis +   a - +2 dagger
rCold    . . .     Faith    .   (shield restricted)
rNeg     . . .     Spirit   .   d - +0 robe
rPois    .         Reflect  .   (helmet restricted)
rElec    .         Harm     .   (no cloak)
rCorr    .         Rampage  .   (gloves unavailable)
MR       .....                  (boots unavailable)
Stlth    +++.......             (no amulet)
HPRegen  0.06/turn              (no ring)
MPRegen  0.10/turn              (no ring)

@: very quick
A: very small, unfitting armour, thin metallic scales 1, see invisible, blink,
speed 3
a: Blink


You were on level 2 of the Dungeon.
You visited 1 branch of the dungeon, and saw 2 of its levels.

You collected 74 gold pieces.

Inventory:

Hand Weapons
 a - a +2 dagger (weapon)
Armour
 d - a +0 robe (worn)
Wands
 c - a wand of acid (8)
Scrolls
 b - a scroll of blinking
 f - 3 scrolls of amnesia
Potions
 e - a potion of ambrosia {unknown}
 g - a potion of curing {unknown}
 i - a potion of resistance {unknown}


   Skills:
 + Level 1.6 Fighting
 + Level 1.7(2.0) Short Blades
   Level 1.0(1.2) Long Blades
 + Level 2.9 Dodging
 - Level 5.8 Stealth
 - Level 1.3 Spellcasting
   Level 1.0 Summonings
 - Level 1.0 Earth Magic


You had 3 spell levels left.
You knew the following spells:

 Your Spells              Type           Power        Failure   Level
a - Sandblast             Erth           #.....       19%         1

Your spell library contained the following spells:

 Spells                   Type           Power        Failure   Level
 Stone Arrow              Conj/Erth      #.....       56%         3


Dungeon Overview and Level Annotations

Branches:
Dungeon (2/15)

Altars:


Innate Abilities, Weirdness & Mutations

You are very small and have problems with some larger weapons.
You are too small for most types of armour.
You have supernaturally acute eyesight. (SInv)
You cover ground extremely quickly.
You are partially covered in thin metallic scales. (AC +2)
You can translocate small distances at will.


Message History

Found a whip.
A kobold comes into view. It is wielding a +0 dagger.
The helpless kobold fails to defend itself.
You impale the kobold!!
You kill the kobold!
Your life force feels restored.
Things that are here:
a +0 dagger; a kobold corpse You open the door.
A gnoll comes into view. It is wielding a +0 spear.
There is an open door here.
A gnoll comes into view. It is wielding a +0 spear.
There is an open door here.
The gnoll hits you with a +0 spear.
You hit the gnoll but do no damage. The gnoll hits you with a +0 spear.
You hit the gnoll.
The gnoll is lightly wounded.
The gnoll hits you with a +0 spear!
Ouch! That really hurt!
You die...

*,* *** ##+## #.# *,,****
*,***,** ##...## #.# *,,,,,*
*,**,*,** ##.....###.# **,#*,* ##
*,,,,,*,*##.......##.###..#*,* #.
***,*,,**#.........#......#*,**#.
*,***,,,+.........'........,,,.)
**,*,***#)........####...##,**#.
**,** ##...)..g## *#.##*,###. *,*
##....@## *...,,,... *,* ##...##
*,###,**#. *,* ##+## *,* *,* #.
*,* *,* *,***,* #. *,* *,*
*,,,,,* #. *,* **,******* *,,****
#. **,** **,,,,,,,,* *..######.
*,,,******,,,,,***,* *.........
*,,,,,,,***,,,****,* *#.#######


You could see a gnoll.

Vanquished Creatures
  A worm (D:2)
  A dart slug (D:1)
  A leopard gecko (D:1)
  2 goblins (D:1)
  3 hobgoblins
  3 jackals (D:2)
  A ball python (D:1)
  3 bats
  9 kobolds
  2 rats (D:1)
26 creatures vanquished.

Notes
Turn   | Place    | Note
-------+----------+-------------------------------------------
     0 | D:1      | Ijustatesigmund the Spriggan Wanderer began the quest for
                  | the Orb.
     0 | D:1      | Ijustatesigmund set off with the following items: a +2
                  | dagger, a scroll of blinking, a +0 robe; and the following
                  | spell memorised: Sandblast; and the following spells
                  | available to memorise: Stone Arrow
     0 | D:1      | Reached XP level 1. HP: 10/10 MP: 3/3
   610 | D:1      | Reached skill level 1 in Short Blades
   610 | D:1      | Reached XP level 2. HP: 14/14 MP: 5/5
  1335 | D:2      | Reached XP level 3. HP: 9/18 MP: 6/6
  1481 | D:2      | Gained mutation: You are partially covered in thin metallic
                  | scales. (AC +2) [potion of mutation]
  1481 | D:2      | Gained mutation: You can translocate small distances at
                  | will. [potion of mutation]
  1721 | D:2      | Slain by a gnoll

Illustrated notes

Levels and vault maps discovered:
D:1:      elethiomel_arrival_infinity_welcomes_careful_drivers, layout_basic
D:2:      layout_loops_corners

Skill      XL: |  1 |
---------------+----+-----
Dodging        | 2 |  2.9
Short Blades   | 1 |  1.7
Fighting       | |  1.6
Long Blades    | |  1.0
Stealth        | |  5.8
Spellcasting   | |  1.3
Summonings     | |  1.0
Earth Magic    | |  1.0

Action                   || total
-------------------------++-------
Melee: Dagger            ||    73
  Use: Scroll            ||     4
       Potion            ||     1
 Stab: Sleeping          ||     9
       Distracted        ||     2
Armor: Robe              ||    11
Dodge: Dodged            ||    73

Table legend: (Time is in decaauts)
 A = Elapsed time spent in this place.
 B = Non-inter-level travel time spent in this place.
 C = Inter-level travel time spent in this place.
 D = Time resting spent in this place.
 E = Time spent auto-exploring this place.
 F = Levels seen in this place.
 G = Mean time per level.
                   A        B        C        D        E       F      G
               +--------+--------+--------+--------+--------+-----+--------+
         Total |   1291 |   1269 |     22 |    543 |    536 |   2 |  645.5 |
       Dungeon |   1291 |   1269 |     22 |    543 |    536 |   2 |  645.5 |
               +--------+--------+--------+--------+--------+-----+--------+

Top non-repeatable levels by time:
     D:1: 695 daAuts
     D:2: 596 daAuts
